 Dungeon Crawl Stone Soup version 0.27-a0-885-g35c287b (webtiles) character file.

Game seed: 15769410724112597337

835 MrTaco21 the Basher (level 7, -1/41 HPs)
             Began as a Gargoyle Fighter on Apr 3, 2021.
             Was an Initiate of Okawaru.
             Slain by Maggie
             ... wielding a +0 halberd
              (4 damage)
             ... on level 6 of the Dungeon.
             The game lasted 00:05:43 (6400 turns).

MrTaco21 the Basher (Gargoyle Fighter)              Turns: 6400, Time: 00:05:43

Health: -1/41      AC: 11    Str: 21    XL:     7   Next: 98%
Magic:  7/7        EV:  7    Int:  9    God:    Okawaru [......]
Gold:   183        SH:  9    Dex:  9    Spells: 6/6 levels left

rFire    . . .     SeeInvis +   y - +3 whip of the Modern Knives {venom, Fragile Will++ SInv}
rCold    . . .     Faith    .   c - +0 kite shield
rNeg     + . .     Spirit   .   B - +0 scale mail {Will+}
rPois    ∞         Reflect  .   (no helmet)
rElec    +         Harm     .   (no cloak)
rCorr    .         Rampage  .   (no gloves)
Will     +++..                  (no boots)
Stlth    ..........             (no amulet)
HPRegen  0.13/turn              (no ring)
MPRegen  0.10/turn              (no ring)

@: no status effects
A: AC +4, negative energy resistance 1, electricity resistance, torment
resistance 1, unbreathing 1, petrification resistance
a: Renounce Religion


You were on level 6 of the Dungeon.
You worshipped Okawaru.
Okawaru was noncommittal.
You visited 2 branches of the dungeon, and saw 7 of its levels.

You collected 183 gold pieces.

Inventory:

Hand Weapons
 y - the +3 whip of the Modern Knives (weapon) {venom, Fragile Will++ SInv}
   (You found it on level 5 of the Dungeon)

   It poisons the flesh of those it strikes.
   It lets you see invisible.
   It will be destroyed if unequipped.
   It greatly increases your willpower.
Missiles
 i - a throwing net {!f}
 j - 14 atropa-tipped darts
 k - 46 poisoned darts (quivered)
Armour
 c - a +0 kite shield (worn)
 B - a +0 scale mail of willpower (worn)
   (You found it on level 4 of the Dungeon)
Jewellery
 u - an amulet of faith {!P}
   (You found it on level 4 of the Dungeon)
Wands
 t - a wand of flame (22)
   (You found it on level 3 of the Dungeon)
 v - a wand of digging (5)
   (You found it on level 6 of the Dungeon)
Scrolls
 a - a scroll of blinking {unknown}
 b - 2 scrolls of fog {unknown}
 e - 2 scrolls of magic mapping {unknown}
 f - 4 scrolls of enchant armour {unknown}
 g - 3 scrolls of identify {unknown}
 h - 3 scrolls of amnesia {unknown}
 l - a scroll of immolation {unknown}
 m - a scroll of noise {unknown}
 o - 4 scrolls of enchant weapon {unknown}
 p - a scroll of silence {unknown}
 q - 2 scrolls of brand weapon {unknown}
 w - a scroll of holy word {unknown}
Potions
 d - a potion of might
 n - a potion of degeneration {unknown}
 r - a potion of resistance {unknown}
 s - a potion of heal wounds {unknown}
 x - a potion of attraction {unknown}
 z - a potion of haste {unknown}
 A - a potion of flight {unknown}


   Skills:
 - Level 3.2 Fighting
 + Level 8.9 Maces & Flails
 - Level 3.2 Armour
 - Level 3.2 Shields


You had 6 spell levels left.
You didn't know any spells.
Your spell library contained the following spells:

 Spells                   Type           Power      Damage    Failure   Level
 Magic Dart               Conj           0%         1d3       99%         1
 Searing Ray              Conj           0%         3d3       100%        2
 Dazzling Flash           Conj/Hex       0%         N/A       100%        3
 Fulminant Prism          Conj/Hex       0%         3d6       100%        4
 Iskenderun's Mystic Bla  Conj/Tloc      0%         2d3       100%        4


Dungeon Overview and Level Annotations

Branches:
Dungeon (6/15)             Temple (1/1) D:5

Altars:
Cheibriados
Dithmenos
Elyvilon
Fedhas
Gozag
Hepliaklqana
Kikubaaqudgha
Makhleb
Nemelex Xobeh
Okawaru
Qazlal
Ru
Sif Muna
Trog
Uskayaw
Wu Jian
Xom
Yredelemnul
Zin
The Shining One

Annotations:
D:6 Maggie


Innate Abilities, Weirdness & Mutations

Your stone body is resilient. (AC +4)
You are immune to poison.
You resist negative energy. (rN+)
You are resistant to electric shocks. (rElec)
You are resistant to unholy torment.
You can survive without breathing.
You are immune to petrification.


Message History

The hound bites you but does no damage.
You barely miss the hound. The hound bites you.
The hound bites you but does no damage.
You hit the hound.
You kill the hound!
Okawaru accepts your kill.
No target in view!
No target in view!
No target in view!
No target in view!
No target in view!
No target in view!
No target in view!
Found a long bronze wand.
v - a wand of digging (5);
B - a +0 scale mail of willpower (worn)
Found 3 curare-tipped darts.
Found a stone staircase leading up.
Maggie the Vainglorious comes into view.
She is wielding a +0 halberd.
Maggie shouts!
Maggie is nearby!
Maggie is nearby!
A bullfrog skeleton comes into view.
Maggie gestures wildly while chanting.
Maggie attempts to bespell you! You resist with almost no effort.
You hit Maggie.
Maggie is poisoned.
You block Maggie's attack.
You hit Maggie.
Maggie looks as sick as possible!
Maggie hits you with a +0 halberd!
You hit Maggie.
Maggie looks as sick as possible!
Maggie hits you with a +0 halberd.
You hit Maggie.
Maggie looks as sick as possible!
Maggie points at you and mumbles some strange words.
The bolt of fire misses you.
You barely miss Maggie. Maggie hits you with a +0 halberd.
The bullfrog skeleton hits you but does no damage.
You hit Maggie.
Maggie looks as sick as possible!
You block the bullfrog skeleton's attack.
Maggie gestures at you while chanting. The bolt of fire hits you!
* * * LOW HITPOINT WARNING * * *
You whack Maggie!
Maggie looks as sick as possible!
You block the bullfrog skeleton's attack.
Maggie hits you with a +0 halberd!
* * * LOW HITPOINT WARNING * * *
You closely miss Maggie.
The bullfrog skeleton hits you but does no damage.
You block Maggie's attack.
There is a stone staircase leading up here.
You block the bullfrog skeleton's attack.
Maggie hits you from afar with a +0 halberd.
You die...

......#....##.####...#
#...#.............#
#..####.###....#......
#..# #.# #.##.# .####
...# #.# #.##.# # #.##
#.. ..##.# #.#
..#.####.####### ...
###............## ....
##......@.....# ...##
#.......Z....... ...#
#......@........ ...#
#...............
########........
#........ #......#.
#.....## ......


You could see Maggie (extremely poisoned) and a bullfrog skeleton.

Vanquished Creatures
  A water moccasin (D:6)
  A necrophage (D:4)
  An ogre (D:5)
  A bullfrog skeleton (D:4)
  A centaur skeleton (D:5)
  4 hounds
  An orc priest (D:4)
  2 iguanas
  An orc wizard (D:4)
  A hound skeleton (D:4)
  7 gnolls
  8 adders
  2 shadow imps (D:5)
  2 white imps (D:5)
  3 worms
  4 dart slugs
  7 orcs
  5 endoplasms
  A giant cockroach (D:4)
  A goblin (D:4)
  9 hobgoblins
  4 jackals (D:1)
  2 quokkas
  8 ball pythons
  6 bats
  4 frilled lizards (D:1)
  6 kobolds
  5 rats
98 creatures vanquished.

Vanquished Creatures (others)
  3 plants (D:1)
3 creatures vanquished.

Grand Total: 101 creatures vanquished

Notes
Turn   | Place    | Note
-------+----------+-------------------------------------------
     0 | D:1      | MrTaco21 the Gargoyle Fighter began the quest for the Orb.
     0 | D:1      | Reached XP level 1. HP: 14/14 MP: 1/1
    86 | D:1      | Reached XP level 2. HP: 10/19 MP: 2/2
   332 | D:1      | Reached skill level 3 in Maces & Flails
   623 | D:1      | Reached XP level 3. HP: 23/23 MP: 3/3
  1416 | D:2      | Reached skill level 4 in Maces & Flails
  1418 | D:2      | Reached XP level 4. HP: 22/28 MP: 4/4
  2043 | D:2      | Found a faded altar of an unknown god.
  2108 | D:3      | Noticed a +0 dagger
  2108 | D:3      | Noticed a +0 hand axe
  2112 | D:3      | Found a hide-covered altar of Uskayaw.
  2688 | D:3      | Found a basalt altar of Yredelemnul.
  2688 | D:3      | Found a bloodstained altar of Trog.
  2688 | D:3      | Found a shimmering blue altar of Sif Muna.
  3196 | D:4      | Reached skill level 5 in Maces & Flails
  3196 | D:4      | Reached XP level 5. HP: 24/32 MP: 5/5
  3613 | D:4      | Noticed a necrophage
  3660 | D:4      | Reached skill level 6 in Maces & Flails
  3660 | D:4      | Reached XP level 6. HP: 10/37 MP: 6/6
  3665 | D:4      | Killed a necrophage
  4166 | D:5      | Entered Level 5 of the Dungeon
  4373 | D:5      | Reached skill level 7 in Maces & Flails
  4447 | D:5      | Reached XP level 7. HP: 32/41 MP: 7/7
  5007 | D:5      | Found a staircase to the Ecumenical Temple.
  5084 | D:5      | Reached skill level 8 in Maces & Flails
  5443 | D:5      | Identified the +3 whip of the Modern Knives {venom, Fragile
                  | Will++ SInv}
  5622 | Temple   | Entered the Ecumenical Temple
  5768 | Temple   | Became a worshipper of Warmaster Okawaru
  6387 | D:6      | Noticed Maggie
  6400 | D:6      | Slain by Maggie

Illustrated notes

Levels and vault maps discovered:
D:1:      minmay_arrival_glassed_features, layout_loops_ring,
          minmay_misc_feat_cross, serial_bayou_pond_b, minmay_pentomino_r2
D:2:      layout_loops_corners, shapermc_ecumenical_altar_hornbeckon
D:3:      layout_basic, dancing_weapons_uskayaw, gammafunk_temple_overflow_claw,
          minmay_quantized
D:4:      layout_cave_pools, serial_glass, glass_columns_b, glass_columns_b
D:5:      layout_loops_ring, minmay_temple_entry_nine_rooms,
          minmay_misc_feat_more_columns
D:6:      minmay_spotlight, layout_rooms, dk_noncrumbling_4, kennysheep_path_1,
          uniq_maggie
Temple:   nicolae_temple_elliptical

Skill      XL: |  1  2  3  4  5  6  7 |
---------------+----------------------+-----
Maces & Flails | 3 4 5 6 7 8 |  8.9
Fighting       | |  3.2
Armour         | |  3.2
Shields        | |  3.2

Action                   |  1- 3 |  4- 6 |  7- 9 || total
-------------------------+-------+-------+-------++-------
Melee: Flail             |   129 |   190 |    48 ||   367
       Whip              |       |       |    61 ||    61
Armor: Scale mail        |   100 |   131 |    47 ||   278
Dodge: Dodged            |    57 |    67 |    29 ||   153
Block: Kite shield       |    72 |   121 |    43 ||   236

Table legend: (Time is in decaauts)
 A = Elapsed time spent in this place.
 B = Non-inter-level travel time spent in this place.
 C = Inter-level travel time spent in this place.
 D = Time resting spent in this place.
 E = Time spent auto-exploring this place.
 F = Levels seen in this place.
 G = Mean time per level.
                   A        B        C        D        E       F      G
               +--------+--------+--------+--------+--------+-----+--------+
         Total |   6543 |   6245 |    298 |    973 |   4345 |   7 |  934.7 |
       Dungeon |   6371 |   6107 |    264 |    973 |   4210 |   6 | 1061.8 |
        Temple |    171 |    137 |     34 |      0 |    135 |   1 |  171.0 |
               +--------+--------+--------+--------+--------+-----+--------+

Top non-repeatable levels by time:
     D:5: 1299 daAuts
     D:4: 1270 daAuts
     D:2: 1180 daAuts
     D:3: 1056 daAuts
     D:1: 997 daAuts
     D:6: 567 daAuts
  Temple: 171 daAuts
